[Event "Titled Tuesday Blitz April 11 Early 2023"]
[White "Idani, Pouya"]
[Black "Karamsetty, Jeevan"]
[WhiteFideId "12510130"]
[BlackFideId "2025337"]
[WhiteElo "2574"]
[BlackElo "2111"]
[Result "0-1"]
[Round "08"]
[TimeControl "180+2"]
[Date "2023.04.11"]
[WhiteClock "0:00:07"]
[BlackClock "0:00:14"]

1. e4 g6 2. d4 d6 3. Nf3 Nf6 4. Bd3 Bg7 5. c3 O-O 6. O-O Nc6 7. Be3 e5 8. d5 Ne7 9. c4 Ng4 10. Bd2 f5 11. Nc3 b6 12. Ne1 f4 13. f3 Nh6 14. Be2 g5 15. Nd3 Ng6 16. b4 Nf7 17. Rc1 h5 18. c5 a6 19. cxb6 cxb6 20. b5 a5 21. Be1 Bd7 22. Bf2 Rb8 23. Nb2 Nh6 24. Nc4 g4 25. Nxd6 g3 26. hxg3 Qg5 27. Qd2 Bf6 28. Rfd1 fxg3 29. Be3 Qh4 30. Kf1 Bg5 31. Ke1 Nf4 32. Bf1 Qh1 33. Nc4 h4 34. Nxe5 h3 35. Bxf4 Bxf4 36. Qd4 hxg2 37. Ke2 g1=Q 38. Qxg1 Qxg1 39. Nd3 0-1


[Site "https://www.chess.com"]

[Event "Titled Tuesday Blitz April 11 Early 2023"]
[White "Mendez Fortes, Eduardo Jesus"]
[Black "Dushyant Sharma"]
[WhiteFideId "3502376"]
[BlackFideId "25065130"]
[WhiteElo "2307"]
[BlackElo "2198"]
[Result "0-1"]
[Round "08"]
[TimeControl "180+2"]
[Date "2023.04.11"]
[WhiteClock "0:00:20"]
[BlackClock "0:00:06"]

1. e4 d5 2. exd5 Nf6 3. Bb5+ c6 4. Be2 cxd5 5. d4 Nc6 6. Nf3 Bg4 7. O-O e6 8. c3 Bd6 9. Nbd2 O-O 10. Nb3 Ne4 11. Nfd2 Bxe2 12. Qxe2 f5 13. f3 Qh4 14. g3 Nxg3 15. hxg3 Bxg3 16. Rf2 Rf6 17. Rg2 Rh6 18. Kf1 f4 19. Rg1 Re8 20. c4 Nb4 21. cxd5 Qh3+ 22. Qg2 exd5 23. Ne4 dxe4 24. Bd2 Nc2 25. Rc1 e3 26. Qxh3 Rxh3 27. Rxc2 e2+ 28. Kg2 Rh2# 0-1


[Site "https://www.chess.com"]

[Event "Titled Tuesday Blitz April 11 Early 2023"]
[White "Deng, Henry"]
[Black "Poliakova, Varvara"]
[WhiteFideId "30965454"]
[BlackFideId "13518313"]
[WhiteElo "2511"]
[BlackElo "2075"]
[Result "1/2-1/2"]
[Round "08"]
[TimeControl "180+2"]
[Date "2023.04.11"]
[WhiteClock "0:00:16"]
[BlackClock "0:00:10"]

1. e4 e5 2. Nf3 Nc6 3. Bc4 Bc5 4. c3 Nf6 5. d3 a6 6. Bb3 Ba7 7. O-O d6 8. Nbd2 h6 9. Re1 Na5 10. d4 Nxb3 11. Qxb3 Qe7 12. Nc4 b5 13. dxe5 bxc4 14. exf6 cxb3 15. fxe7 bxa2 16. Rxa2 Kxe7 17. Be3 Be6 18. Ra3 Bxe3 19. Rxe3 a5 20. Nd4 a4 21. Re2 c5 22. Nxe6 Kxe6 23. f4 Rhb8 24. Kf2 Rb3 25. Rxb3 axb3 26. Ke3 Ra1 27. Kd3 Rc1 28. g4 g5 29. fxg5 hxg5 30. Rf2 f6 31. h3 Ke7 32. Re2 Rh1 33. Kc4 Rxh3 34. Rg2 Re3 35. Kd5 Rf3 36. Rh2 Rd3+ 37. Kc4 Rg3 38. Kd5 Rxg4 39. Rh7+ Kf8 40. Rd7 Rg2 41. Ke6 Rxb2 42. Kxf6 Rf2+ 43. Kxg5 b2 44. Rb7 Ke8 45. Kg4 Kd8 46. Kg3 Kc8 47. Rb3 Rc2 48. Kf4 Kc7 49. Ke3 Kc6 50. Kd3 Rh2 51. Kc4 Kd7 52. Rb7+ Ke6 53. Rb6 Ke5 54. Kd3 c4+ 55. Kxc4 Kxe4 56. Rb4 d5+ 57. Kb3+ Kd3 58. Rd4+ Ke3 59. Ka2 Rc2 60. Rxd5 Rxc3 61. Kxb2 Rd3 62. Rxd3+ Kxd3 1/2-1/2


[Site "https://www.chess.com"]

[Event "Titled Tuesday Blitz April 11 Early 2023"]
[White "Lorenzo De La Riva, Lazaro"]
[Black "Skvortsov, Andrei"]
[WhiteFideId "2268809"]
[BlackFideId "24108600"]
[WhiteElo "2294"]
[BlackElo "2259"]
[Result "1/2-1/2"]
[Round "08"]
[TimeControl "180+2"]
[Date "2023.04.11"]
[WhiteClock "0:00:20"]
[BlackClock "0:00:57"]

1. Nf3 g6 2. d4 Bg7 3. Nc3 d5 4. Bf4 c6 5. Qd2 Nf6 6. e3 Qb6 7. O-O-O h6 8. Ne5 g5 9. Bg3 Bf5 10. f3 Nbd7 11. Nxd7 Nxd7 12. Bd3 Bxd3 13. Qxd3 e5 14. Qf5 Rd8 15. dxe5 Qxe3+ 16. Kb1 Nf8 17. Rhe1 Qc5 18. e6 fxe6 19. Rxe6+ Nxe6 20. Qxe6+ Kf8 21. Be5 Rh7 22. Ne4 Qe7 23. Qf5+ Kg8 24. Nf6+ Bxf6 25. Bxf6 Qf7 26. h4 Rf8 27. hxg5 Rg7 28. f4 hxg5 29. fxg5 Qg6 30. Qe6+ Qf7 31. Qf5 Qg6 32. Qe6+ Qf7 33. Qf5 1/2-1/2


[Site "https://www.chess.com"]

[Event "Titled Tuesday Blitz April 11 Early 2023"]
[White "Toncheva, Nadya"]
[Black "Belov, Alexei"]
[WhiteFideId "2924056"]
[BlackFideId "4128206"]
[WhiteElo "2101"]
[BlackElo "2628"]
[Result "1-0"]
[Round "08"]
[TimeControl "180+2"]
[Date "2023.04.11"]
[WhiteClock "0:00:23"]
[BlackClock "0:00:05"]

1. d4 e6 2. c4 d5 3. Nc3 Be7 4. cxd5 exd5 5. Nf3 c6 6. Bf4 Bf5 7. e3 Nf6 8. Ne5 Nbd7 9. f3 Nh5 10. Bd3 Nxf4 11. exf4 Bxd3 12. Qxd3 O-O 13. O-O-O Nxe5 14. fxe5 b5 15. Kb1 a5 16. f4 a4 17. f5 Bb4 18. Rhf1 Qh4 19. f6 g6 20. Rf3 a3 21. b3 Qxh2 22. Rh3 Qxg2 23. Rd2 Qg1+ 24. Rd1 Qf2 25. Ne2 h5 26. Rg1 Rfc8 27. Rxh5 Ra7 28. Rxg6+ fxg6 29. Qxg6+ Kf8 30. Rh8# 1-0


[Site "https://www.chess.com"]

[Event "Titled Tuesday Blitz April 11 Early 2023"]
[White "Arabidze, Meri"]
[Black "Turzo, Attila"]
[WhiteFideId "13604040"]
[BlackFideId "704954"]
[WhiteElo "2405"]
[BlackElo "2498"]
[Result "1-0"]
[Round "08"]
[TimeControl "180+2"]
[Date "2023.04.11"]
[WhiteClock "0:00:11"]
[BlackClock "0:00:02"]

1. d4 Nf6 2. Nf3 c5 3. dxc5 Na6 4. Nc3 Nxc5 5. g3 d5 6. Bg2 g6 7. O-O Bg7 8. Be3 b6 9. Bd4 Bb7 10. a4 O-O 11. a5 Nce4 12. axb6 axb6 13. Rxa8 Bxa8 14. Qa1 e6 15. Qa7 Nxc3 16. Bxc3 Qb8 17. Ra1 Nd7 18. Bxg7 Kxg7 19. Qxb8 Rxb8 20. Ra7 Nc5 21. Nd4 Kf8 22. b4 Nb7 23. e4 Nd6 24. exd5 exd5 25. Rd7 Ne4 26. b5 Rc8 27. Ra7 Nc5 28. h4 Bb7 29. Nb3 Nxb3 30. Rxb7 Rxc2 31. Rxb6 d4 32. Bd5 Nc5 33. Rf6 d3 34. Rxf7+ Ke8 35. Rc7 d2 36. Bf3 Rc1+ 37. Kg2 Nd3 38. b6 1-0


[Site "https://www.chess.com"]

[Event "Titled Tuesday Blitz April 11 Early 2023"]
[White "Nurgaliyeva, Zarina"]
[Black "wqws"]
[WhiteFideId "13730096"]
[WhiteElo "2134"]
[BlackElo "2606"]
[Result "0-1"]
[Round "08"]
[TimeControl "180+2"]
[Date "2023.04.11"]
[WhiteClock "0:00:05"]
[BlackClock "0:01:03"]

1. e4 c5 2. Nf3 d6 3. Bb5+ Bd7 4. Bxd7+ Nxd7 5. O-O Ngf6 6. Qe2 e5 7. c3 Be7 8. d4 O-O 9. dxe5 Nxe5 10. Nxe5 dxe5 11. Bg5 Nd7 12. Bxe7 Qxe7 13. Nd2 Rad8 14. Nc4 g6 15. Rad1 Nf6 16. f3 Qe6 17. a4 Kg7 18. Ne3 Qc6 19. Qb5 Qc7 20. Nd5 Nxd5 21. exd5 Rd6 22. c4 Rb6 23. Qa5 Qd6 24. Qc3 Re8 25. Rde1 Qf6 26. f4 e4 27. f5 Qd4+ 28. Kh1 Rxb2 29. f6+ Kg8 30. Qg3 e3 31. Qg5 e2 32. Rg1 Qe5 33. Qh4 Rd2 34. h3 Rd4 35. Qf2 Rf4 36. Qxc5 Rxf6 37. Qxa7 b6 38. a5 bxa5 39. Qxa5 Qh5 40. Qd2 Rf3 41. Kh2 Qe5+ 42. Kh1 Re3 43. d6 Qf5 44. Kh2 Qf4+ 45. Kh1 Rxh3+ 46. gxh3 Qxd2 47. c5 Qd5+ 48. Rg2 Qxc5 49. Rgxe2 Rxe2 50. Rxe2 Qxd6 0-1


[Site "https://www.chess.com"]

[Event "Titled Tuesday Blitz April 11 Early 2023"]
[White "Minko, Dmitry"]
[Black "Jeet, Jain"]
[WhiteFideId "24188468"]
[BlackFideId "5073022"]
[WhiteElo "2147"]
[BlackElo "2067"]
[Result "0-1"]
[Round "08"]
[TimeControl "180+2"]
[Date "2023.04.11"]
[WhiteClock "0:00:01"]
[BlackClock "0:00:56"]

1. e4 Nc6 2. Nc3 d6 3. d4 g6 4. f3 Bg7 5. Be3 e5 6. Nge2 Nf6 7. Qd2 h5 8. O-O-O a6 9. Kb1 b5 10. f4 Ng4 11. Bg1 exf4 12. h3 Ne3 13. Nxf4 Nxd1 14. Qxd1 b4 15. Ncd5 Be6 16. Bc4 Na5 17. Bd3 h4 18. Nxe6 fxe6 19. Qg4 exd5 20. Qxg6+ Kd7 21. Qf5+ Kc6 22. Qxd5+ Kb6 23. Be3 c6 24. Qf7 Qc7 25. d5+ c5 26. Qg6 Be5 27. Rd1 Rag8 28. Qf5 Rxg2 29. Qf1 Rhg8 30. Bxa6 Ka7 31. Qb5 Rb8 32. Qf1 Rg3 33. Bf2 Rf3 34. Be2 Rf7 35. Qe1 Rg8 36. Be3 Rg3 37. Bd3 Rxh3 38. Bg1 Kb8 0-1


[Site "https://www.chess.com"]

[Event "Titled Tuesday Blitz April 11 Early 2023"]
[White "slidingknight2775"]
[Black "Sowul, Bartosz"]
[BlackFideId "1137590"]
[WhiteElo "2576"]
[BlackElo "2188"]
[Result "1-0"]
[Round "08"]
[TimeControl "180+2"]
[Date "2023.04.11"]
[WhiteClock "0:00:19"]
[BlackClock "0:00:09"]

1. d4 Nf6 2. c4 c5 3. Nf3 cxd4 4. Nxd4 Nc6 5. Nc3 g6 6. e4 Bg7 7. Nc2 O-O 8. Be2 d6 9. O-O a5 10. f3 a4 11. Be3 Be6 12. Rc1 Qa5 13. Qd2 Rfc8 14. Rfd1 Nd7 15. Na3 Nce5 16. Ncb5 Qxd2 17. Rxd2 f5 18. Nd4 Nc5 19. Nxe6 Nxe6 20. exf5 gxf5 21. f4 Ng6 22. g3 Nc5 23. Bf3 Ne4 24. Re2 e5 25. Bxe4 fxe4 26. f5 Ne7 27. g4 Nc6 28. Rd1 Nd4 29. Bxd4 exd4 30. Rxe4 d5 31. cxd5 Rc5 32. d6 Rd8 33. b4 axb3 34. axb3 Rxd6 35. Nc4 Rd7 36. Re6 b5 37. Nd6 Rd5 38. Ne4 Kf7 39. Ng5+ Kg8 40. Re8+ Bf8 41. Ne6 Rf7 42. Rxd4 Rxd4 43. Nxd4 h5 44. Ne6 hxg4 45. Kg2 Rxf5 46. Rxf8+ Rxf8 47. Nxf8 Kxf8 48. Kg3 Kf7 49. Kxg4 Kg6 50. Kf4 Kf6 51. Ke4 Ke6 52. Kd4 Kd6 53. b4 Ke6 54. Kc5 1-0


[Site "https://www.chess.com"]

[Event "Titled Tuesday Blitz April 11 Early 2023"]
[White "Martic, Ivan"]
[Black "Chernov, Mikhail"]
[WhiteFideId "929301"]
[BlackFideId "24143170"]
[WhiteElo "2360"]
[BlackElo "2113"]
[Result "1-0"]
[Round "08"]
[TimeControl "180+2"]
[Date "2023.04.11"]
[WhiteClock "0:01:29"]
[BlackClock "0:00:14"]

1. d4 d5 2. c4 c6 3. Nc3 Nf6 4. Nf3 e6 5. e3 Nbd7 6. Qc2 Bd6 7. b3 b6 8. Be2 Bb7 9. Bb2 O-O 10. O-O Rc8 11. Rac1 Qe7 12. Rfd1 Rfd8 13. Qb1 a6 14. e4 dxe4 15. Nxe4 Nxe4 16. Qxe4 Nf6 17. Qh4 Ba3 18. Bxa3 Qxa3 19. Rc2 c5 20. Rcd2 Ne4 21. Ng5 Nxd2 22. Qxh7+ Kf8 23. Qh8+ Ke7 24. Qxg7 Qxa2 25. Qxf7+ Kd6 26. Qxb7 cxd4 27. Nf7+ Kc5 28. Nxd8 Rxd8 29. Qc7+ Kb4 30. Qxd8 Kc3 1-0


[Site "https://www.chess.com"]

[Event "Titled Tuesday Blitz April 11 Early 2023"]
[White "Melikhov, Evgeny V."]
[Black "Gontcharov, Vladislav"]
[WhiteFideId "4122046"]
[BlackFideId "4123492"]
[WhiteElo "2158"]
[BlackElo "2420"]
[Result "0-1"]
[Round "08"]
[TimeControl "180+2"]
[Date "2023.04.11"]
[WhiteClock "0:00:04"]
[BlackClock "0:00:38"]

1. d4 Nf6 2. c4 c5 3. d5 e6 4. Nc3 exd5 5. cxd5 d6 6. Nf3 g6 7. h3 Bg7 8. e4 O-O 9. Be3 Re8 10. Bd3 b5 11. Bxb5 Nxe4 12. O-O Nxc3 13. bxc3 Bd7 14. Bxd7 Nxd7 15. Qd2 Nb6 16. Bh6 Qf6 17. Bxg7 Kxg7 18. Rfe1 h6 19. Qd3 c4 20. Qd2 Rac8 21. Rxe8 Rxe8 22. a4 a5 23. h4 Rc8 24. Qb2 Qd8 25. Rb1 Nxd5 26. Nd4 Rc5 27. Qb8 Qxb8 28. Rxb8 Nxc3 29. Rb7 Kf6 30. g4 Nxa4 31. g5+ hxg5 32. hxg5+ Kxg5 33. Rxf7 c3 34. Ne6+ Kh6 35. Nxc5 Nxc5 36. Rf3 Na4 37. Rh3+ Kg7 38. Kg2 d5 39. Kf3 d4 40. Ke4 c2 41. Rh1 Nb2 42. Rc1 d3 43. Ke3 a4 44. Kd2 a3 45. Ra1 Kf6 46. Kc1 Nc4 47. f4 Kf5 48. Ra2 Kxf4 49. Ra1 g5 50. Ra2 g4 51. Ra1 g3 52. Ra2 g2 0-1


[Site "https://www.chess.com"]

[Event "Titled Tuesday Blitz April 11 Early 2023"]
[White "Berezin, Viktor"]
[Black "Shukhman, Anna"]
[WhiteFideId "14107872"]
[BlackFideId "54180058"]
[WhiteElo "2310"]
[BlackElo "2125"]
[Result "0-1"]
[Round "08"]
[TimeControl "180+2"]
[Date "2023.04.11"]
[WhiteClock "0:00:09"]
[BlackClock "0:00:14"]

1. d4 Nf6 2. c4 e6 3. Nf3 d5 4. g3 c6 5. Qc2 Be7 6. Bg2 O-O 7. O-O dxc4 8. Qxc4 b5 9. Qc2 Bb7 10. a4 a6 11. Nbd2 Qb6 12. Nb3 Nbd7 13. Ne5 c5 14. Nxd7 Nxd7 15. a5 Qa7 16. Bxb7 Qxb7 17. Nxc5 Nxc5 18. dxc5 Rac8 19. b4 Rfd8 20. Bb2 h5 21. h4 Rd5 22. Rfd1 Rcd8 23. Rac1 g5 24. Rxd5 Qxd5 25. Qc3 f6 26. Qc2 Kg7 27. hxg5 Qxg5 28. Rd1 h4 29. Rxd8 Bxd8 30. Qd3 hxg3 31. Qxd8 gxf2+ 32. Kxf2 Qf4+ 33. Ke1 Qxb4+ 34. Qd2 Qxc5 35. Bd4 Qh5 36. Qc3 e5 37. Bb6 Qh1+ 38. Kd2 Qd5+ 39. Ke3 f5 40. Qc7+ Kg6 41. Qc8 Qe4+ 42. Kd2 Qb4+ 43. Kd1 Qb1+ 44. Kd2 Qb4+ 45. Ke3 Qf4+ 46. Kd3 e4+ 47. Kc2 Qd6 48. Qg8+ Kh5 49. Qf7+ Kg4 50. Qg7+ Kf4 51. Qg1 Qc6+ 52. Bc5 Qd5 53. Qe3+ Kg4 54. Qg1+ Kh5 55. Qh2+ Kg6 56. Qg3+ Kf7 57. Qc7+ Kg6 58. Qd6+ Qxd6 59. Bxd6 Kf6 60. e3 Ke6 61. Bc5 Kd5 62. Bd4 Kc4 63. Kb2 f4 64. Bb6 f3 65. Kc2 f2 66. Bc7 f1=Q 67. Kd2 Qd3+ 68. Ke1 Qxe3+ 69. Kf1 Qf3+ 70. Kg1 Kd3 71. Kh2 Ke2 72. Bg3 Kf1 73. Kh3 Qh5+ 74. Bh4 Ke2 75. Kg3 Qf3+ 76. Kh2 Kf1 77. Bg3 Qg2# 0-1


[Site "https://www.chess.com"]

[Event "Titled Tuesday Blitz April 11 Early 2023"]
[White "Ruiz Aguilar, Pablo Alexander"]
[Black "Hadzimanolis, Antonios"]
[WhiteFideId "4401352"]
[BlackFideId "4202813"]
[WhiteElo "2138"]
[BlackElo "2242"]
[Result "1-0"]
[Round "08"]
[TimeControl "180+2"]
[Date "2023.04.11"]
[WhiteClock "0:00:55"]
[BlackClock "0:00:07"]

1. e4 e5 2. Nf3 Nc6 3. Bb5 a6 4. Ba4 Nf6 5. d3 b5 6. Bb3 Be7 7. O-O O-O 8. Re1 d6 9. c3 Na5 10. Bc2 c5 11. Nbd2 Qc7 12. Nf1 Re8 13. Ng3 g6 14. Bg5 Nc6 15. h3 Nd8 16. Qd2 Ne6 17. Rad1 Nxg5 18. Nxg5 Kg7 19. f4 h6 20. Nf3 Nh7 21. Rf1 Bd8 22. Bb3 c4 23. dxc4 bxc4 24. Ba4 Re6 25. f5 Rf6 26. fxg6 fxg6 27. Nh2 Be7 28. Rxf6 Nxf6 29. Nhf1 Rb8 30. Ne3 Qb6 31. b4 cxb3 32. Bxb3 Bb7 33. Kh2 Nxe4 34. Nef5+ Kf6 35. Qxh6 Nxg3 36. Nxg3 Bf8 37. Rf1+ Ke7 38. Rf7+ 1-0


[Site "https://www.chess.com"]

[Event "Titled Tuesday Blitz April 11 Early 2023"]
[White "Samunenkov, Ihor"]
[Black "Harriott, Tyrell"]
[WhiteFideId "14187086"]
[BlackFideId "2086484"]
[WhiteElo "2457"]
[BlackElo "2107"]
[Result "1/2-1/2"]
[Round "08"]
[TimeControl "180+2"]
[Date "2023.04.11"]
[WhiteClock "0:00:08"]
[BlackClock "0:00:14"]

1. e4 e6 2. d4 d5 3. Nd2 f5 4. exf5 exf5 5. Ngf3 Nf6 6. c4 Bd6 7. cxd5 O-O 8. Be2 Nbd7 9. O-O Nb6 10. Nc4 Nbxd5 11. Nfe5 c6 12. Bf3 Bc7 13. Re1 Bd7 14. b3 Ba5 15. Nxa5 Qxa5 16. Bd2 Qb6 17. Bxd5+ cxd5 18. Bg5 Bb5 19. Bxf6 Qxf6 20. Qf3 Bc6 21. Rac1 g5 22. Qc3 Rac8 23. Qa5 a6 24. Qb6 f4 25. f3 h5 26. h3 Kg7 27. Rc3 Kh7 28. Rec1 g4 29. fxg4 hxg4 30. hxg4 Kg8 31. Nxc6 bxc6 32. Rxc6 Rxc6 33. Rxc6 Qe7 34. Rg6+ Kf7 35. Rh6 Qe1+ 36. Kh2 Qg3+ 37. Kh1 Qe1+ 38. Kh2 Qg3+ 39. Kh1 Qe1+ 40. Kh2 1/2-1/2


[Site "https://www.chess.com"]

[Event "Titled Tuesday Blitz April 11 Early 2023"]
[White "Karttunen, Mika"]
[Black "Chandreyee, Hajra"]
[WhiteFideId "502081"]
[BlackFideId "5056535"]
[WhiteElo "2396"]
[BlackElo "1725"]
[Result "1-0"]
[Round "08"]
[TimeControl "180+2"]
[Date "2023.04.11"]
[WhiteClock "0:00:16"]
[BlackClock "0:00:08"]

1. e4 e6 2. d4 d5 3. Nc3 Nf6 4. Bg5 dxe4 5. Nxe4 Be7 6. Bxf6 gxf6 7. Nf3 f5 8. Nc3 b6 9. Bb5+ Bd7 10. a4 a6 11. Bxd7+ Nxd7 12. d5 Nf6 13. dxe6 Qxd1+ 14. Rxd1 fxe6 15. O-O Bb4 16. Rfe1 Bxc3 17. bxc3 Ne4 18. Nd4 Kf7 19. f3 Nc5 20. a5 bxa5 21. Re5 Na4 22. Rd3 Rhd8 23. Nxe6 Rxd3 24. cxd3 Kf6 25. Rxa5 Nxc3 26. Nxc7 Ra7 27. Rxa6+ Rxa6 28. Nxa6 Ke5 29. Kf2 Kd4 30. Nc7 Kxd3 31. Ne6 Nd1+ 32. Kg3 Ne3 33. h4 Ke2 34. Nf4+ Kf1 35. h5 h6 36. Kh3 Kf2 37. Nd3+ Ke2 38. Ne5 Kf2 39. g3 Ke2 40. f4 Kf2 41. g4 fxg4+ 42. Nxg4+ Kf3 43. Nxe3 Kxf4 44. Nf1 Kg5 45. Ng3 Kf4 46. Kh4 Kf3 47. Nf1 Kf4 48. Nh2 Ke4 49. Ng4 Kf4 50. Nxh6 Ke5 51. Ng4+ Kf5 52. Nf2 Kf6 53. Nh3 Kg7 54. Kg5 Kh7 55. Nf4 Kh8 56. Kg6 Kg8 57. Nh3 Kh8 58. Ng5 Kg8 59. h6 Kf8 60. h7 Ke7 61. h8=Q 1-0


[Site "https://www.chess.com"]

[Event "Titled Tuesday Blitz April 11 Early 2023"]
[White "Leebit02"]
[Black "Tregubov, Pavel V."]
[BlackFideId "4115341"]
[WhiteElo "2439"]
[BlackElo "2425"]
[Result "1-0"]
[Round "08"]
[TimeControl "180+2"]
[Date "2023.04.11"]
[WhiteClock "0:00:11"]
[BlackClock "0:00:01"]

1. Nf3 Nf6 2. b3 c5 3. Bb2 Nc6 4. e3 g6 5. Be2 Bg7 6. O-O O-O 7. c4 d5 8. cxd5 Qxd5 9. Nc3 Qf5 10. Rc1 Rd8 11. h3 b6 12. Bc4 Bb7 13. Qe2 Na5 14. Rfd1 Nxc4 15. bxc4 Nd7 16. e4 Qh5 17. d3 e6 18. Nb5 e5 19. Nc7 Rac8 20. Nd5 Re8 21. a4 Nf8 22. Qf1 Ne6 23. Ra1 Bxd5 24. cxd5 Nf4 25. Nh2 f5 26. Bc1 c4 27. dxc4 fxe4 28. Ng4 Qf5 29. Be3 Rc7 30. d6 Nd3 31. dxc7 1-0


[Site "https://www.chess.com"]

[Event "Titled Tuesday Blitz April 11 Early 2023"]
[White "Bodnaruk, Anastasia"]
[Black "Zacurdajev, Dmitry"]
[WhiteFideId "4181751"]
[BlackFideId "4196309"]
[WhiteElo "2310"]
[BlackElo "2189"]
[Result "0-1"]
[Round "08"]
[TimeControl "180+2"]
[Date "2023.04.11"]
[WhiteClock "0:00:04"]
[BlackClock "0:00:09"]

1. e4 c6 2. d4 d5 3. e5 c5 4. c3 Nc6 5. Be2 cxd4 6. cxd4 Bf5 7. Nf3 e6 8. O-O Nge7 9. Nc3 h6 10. a3 Bh7 11. b4 Nf5 12. Na4 Rc8 13. Bd3 Be7 14. Nc5 b6 15. Nb3 O-O 16. g4 Nh4 17. Bxh7+ Kxh7 18. Nxh4 Bxh4 19. f4 f6 20. Be3 f5 21. g5 Qe8 22. Qf3 Ne7 23. Rac1 Qa4 24. Bd2 Qxa3 25. Qh3 Ng6 26. Ra1 Qb2 27. Rxa7 Ra8 28. Rfa1 Rxa7 29. Rxa7 Qb1+ 30. Kg2 Qc2 31. Qf3 Bxg5 32. Qf2 Nh4+ 33. Kg1 Qd1+ 34. Qf1 Nf3+ 35. Kg2 Qxf1+ 36. Kxf1 Nxd2+ 37. Nxd2 Bxf4 38. Nf3 Rc8 39. Rb7 Rc3 40. Ke2 Re3+ 41. Kf2 Rb3 42. Rxb6 Rb2+ 43. Kf1 Be3 44. b5 g5 45. Ke1 g4 46. Rb7+ Kg6 47. Nh4+ Kh5 48. b6 Kxh4 49. Rb8 Bxd4 50. b7 Ba7 51. Re8 Rxb7 52. Rxe6 Kg5 53. Re8 Bc5 54. e6 Re7 55. Rg8+ Kf4 56. Rg6 h5 57. Ke2 h4 58. Kf1 d4 59. Ke2 Ke5 60. Kd3 Rxe6 61. Rg5 Ra6 62. Kc4 Ba7 63. Rg8 Rc6+ 64. Kd3 Rc3+ 65. Kd2 Rh3 66. Re8+ Kf4 67. Re7 Rxh2+ 68. Kd3 Bc5 69. Kc4 Bxe7 0-1


[Site "https://www.chess.com"]

[Event "Titled Tuesday Blitz April 11 Early 2023"]
[White "Bas Mas, Jose Joaquin"]
[Black "Dzagnidze, Nana"]
[WhiteFideId "22219064"]
[BlackFideId "13601903"]
[WhiteElo "2233"]
[BlackElo "2406"]
[Result "0-1"]
[Round "08"]
[TimeControl "180+2"]
[Date "2023.04.11"]
[WhiteClock "0:00:32"]
[BlackClock "0:00:16"]

1. e4 c6 2. d4 d5 3. f3 Qb6 4. Nc3 dxe4 5. fxe4 e5 6. dxe5 Bb4 7. Nf3 Ne7 8. Bc4 Ng6 9. Qe2 O-O 10. h4 Bg4 11. Be3 Bc5 12. Na4 Qa5+ 13. Nc3 Nxe5 14. Bb3 Nbd7 15. O-O-O Rae8 16. Kb1 Qc7 17. Bf4 b5 18. h5 a5 19. a3 a4 20. Ba2 Qa7 21. h6 g6 22. Rh4 b4 23. axb4 Bxb4 24. Qd2 Bxf3 25. gxf3 Nxf3 26. Qxd7 Qxd7 27. Rxd7 Nxh4 28. Nxa4 Rxe4 29. Bg5 Nf3 30. Bc1 Re1 31. c3 Be7 32. Nb6 Bg5 0-1


[Site "https://www.chess.com"]

[Event "Titled Tuesday Blitz April 11 Early 2023"]
[White "Avazkhonov, Alikhon"]
[Black "Safin, Robert"]
[WhiteFideId "14208504"]
[BlackFideId "34189120"]
[WhiteElo "1739"]
[BlackElo "2245"]
[Result "1/2-1/2"]
[Round "08"]
[TimeControl "180+2"]
[Date "2023.04.11"]
[WhiteClock "0:00:52"]
[BlackClock "0:00:21"]

1. f4 c6 2. Nf3 d5 3. g3 Bg4 4. Bg2 Nd7 5. O-O Ngf6 6. d3 Qc7 7. Qe1 Bxf3 8. Bxf3 e5 9. e4 dxe4 10. fxe5 Nxe5 11. Bxe4 Nxe4 12. Qxe4 O-O-O 13. Kh1 g6 14. Bf4 Bd6 15. Nc3 f5 16. Qa4 a6 17. Rae1 Rhe8 18. Bg5 Be7 19. Bf4 Bd6 20. Bg5 Be7 21. Bf4 Bd6 1/2-1/2


[Site "https://www.chess.com"]

[Event "Titled Tuesday Blitz April 11 Early 2023"]
[White "Sargissyan, Sargis"]
[Black "Ratnakaran, K."]
[WhiteFideId "13303210"]
[BlackFideId "5005507"]
[WhiteElo "2109"]
[BlackElo "2345"]
[Result "0-1"]
[Round "08"]
[TimeControl "180+2"]
[Date "2023.04.11"]
[WhiteClock "0:00:09"]
[BlackClock "0:02:40"]

1. e4 e6 2. d4 d5 3. Nc3 Nf6 4. Bg5 Be7 5. e5 Nfd7 6. Bxe7 Qxe7 7. f4 O-O 8. Nf3 f5 9. Qd2 c5 10. Nb5 Nc6 11. c3 cxd4 12. cxd4 Nb6 13. Nd6 Bd7 14. Bd3 Rab8 15. O-O Nc8 16. Nb5 a6 17. Nc3 b5 18. a3 Be8 19. b4 Bh5 20. Qe3 Nb6 21. Nd2 Nc4 22. Nxc4 bxc4 23. Be2 Bxe2 24. Nxe2 a5 25. bxa5 Rb3 26. Qd2 Rfb8 27. Nc3 Qa7 28. Rfd1 Qxa5 29. Rdc1 Qa7 30. Rd1 Rb2 31. Qe3 R8b3 32. g4 Rc2 33. gxf5 Rbxc3 0-1


[Site "https://www.chess.com"]

[Event "Titled Tuesday Blitz April 11 Early 2023"]
[White "Royal, Shreyas"]
[Black "Reefat, Bin-Sattar"]
[WhiteFideId "448869"]
[BlackFideId "10200207"]
[WhiteElo "2331"]
[BlackElo "2462"]
[Result "0-1"]
[Round "08"]
[TimeControl "180+2"]
[Date "2023.04.11"]
[WhiteClock "0:02:22"]
[BlackClock "0:00:44"]

1. d4 e6 2. c4 b6 3. a3 Bb7 4. Nc3 g6 5. e4 Bg7 6. h4 h6 7. h5 g5 8. e5 d6 9. f4 gxf4 10. Bxf4 dxe5 11. Bxe5 Bxe5 12. dxe5 Qxd1+ 13. Rxd1 Nd7 14. Nf3 a6 15. Bd3 Bxf3 16. gxf3 Nxe5 17. Be4 Rd8 18. Ke2 Nf6 19. b3 Rxd1 20. Rxd1 Nxh5 21. Bb7 Ke7 22. Ke3 a5 23. f4 Nd7 24. Nb5 Nc5 25. b4 Nxb7 26. Nxc7 axb4 27. axb4 Rc8 28. Na6 Rxc4 29. Rh1 Nxf4 30. Rxh6 Nd5+ 31. Kd3 Nd6 32. Rh8 Nxb4+ 33. Nxb4 Rxb4 34. Ra8 f5 35. Ra7+ Kf6 0-1


[Site "https://www.chess.com"]

[Event "Titled Tuesday Blitz April 11 Early 2023"]
[White "Gracia Alvarez, Gerardo Antonio"]
[Black "Melian, Juan Sebastian"]
[WhiteFideId "5109124"]
[BlackFideId "3706575"]
[WhiteElo "2160"]
[BlackElo "2035"]
[Result "0-1"]
[Round "08"]
[TimeControl "180+2"]
[Date "2023.04.11"]
[WhiteClock "0:00:01"]
[BlackClock "0:00:05"]

1. e4 c6 2. d4 d5 3. Nc3 dxe4 4. Nxe4 Nf6 5. Nxf6+ exf6 6. Bd3 Bd6 7. Qh5 g6 8. Qh6 Bf8 9. Qe3+ Qe7 10. Ne2 Qxe3 11. Bxe3 Bg7 12. O-O-O O-O 13. Rhe1 Be6 14. c4 Na6 15. Nf4 Bd7 16. Bd2 Rfe8 17. Bc3 Nc7 18. Kc2 h5 19. h4 Bf8 20. Rxe8 Rxe8 21. Re1 Rd8 22. c5 Bg7 23. Bc4 Kf8 24. b4 Bh6 25. Ne2 Be6 26. Bxe6 Nxe6 27. Rd1 Nc7 28. a4 Re8 29. Kd3 Nd5 30. Be1 f5 31. b5 Re4 32. bxc6 bxc6 33. Rb1 Rxh4 34. Rb8+ Kg7 35. Rb7 Rh1 36. Ba5 Rd1+ 37. Kc2 Ra1 38. Rxa7 Rxa4 39. Bb6 Rc4+ 40. Kd3 Rb4 41. Ba5 Rb2 42. Ra6 Ra2 43. Kc4 Rxe2 44. Rxc6 Nf4 45. g3 Ne6 46. d5 Ng5 47. d6 Ne4 48. d7 Bg5 49. d8=Q Bxd8 50. Bxd8 Rxf2 0-1


[Site "https://www.chess.com"]

[Event "Titled Tuesday Blitz April 11 Early 2023"]
[White "Bilan, Danila"]
[Black "Toktomushev, Teimur"]
[WhiteFideId "24161918"]
[BlackFideId "14176726"]
[WhiteElo "2182"]
[BlackElo "2116"]
[Result "1-0"]
[Round "08"]
[TimeControl "180+2"]
[Date "2023.04.11"]
[WhiteClock "0:00:09"]
[BlackClock "0:00:02"]

1. d4 d5 2. Nf3 Nf6 3. c4 e6 4. Nc3 Be7 5. Bf4 O-O 6. e3 b6 7. cxd5 Nxd5 8. Nxd5 Qxd5 9. a3 Bd6 10. Bxd6 cxd6 11. Rc1 Ba6 12. Bxa6 Nxa6 13. Qa4 Qb7 14. O-O Rac8 15. Nd2 Nb8 16. Nc4 Rfd8 17. Rc3 b5 18. Qb3 Qd5 19. Na5 Qxb3 20. Rxb3 a6 21. g3 Nc6 22. Nxc6 Rxc6 23. Ra1 g6 24. a4 bxa4 25. Rxa4 Rdc8 26. Rb7 Kg7 27. Ra7 Rc1+ 28. Kg2 R1c2 29. Rb4 R8c7 30. Rxa6 Rd2 31. d5 Rcc2 32. Rf4 e5 33. Rf3 Rxd5 34. Ra7 Rxb2 35. Rfxf7+ Kh6 36. h4 g5 37. Rxh7+ Kg6 38. h5+ Kf6 39. Rhf7+ Ke6 40. Rae7# 1-0


[Site "https://www.chess.com"]